Rangers vs Islanders

Created - Friday, January 22, 2016 at 00:04

Goals
1 2 3 OT1 SO T
Rangers 2 0 2 0 0 4
Islanders 2 1 1 0 2 5
Shots
1 2 3 OT1 SO T
Rangers 17 8 10 7 2 42
Islanders 10 10 9 2 2 31

1st period

1. Islanders , Jamie Benn 40 (David Krejci) at 3:15
2. Rangers , Keith Yandle 7 (Kevin Shattenkirk, Zach Parise) at 6:16 (PP)
3. Islanders , Erik Karlsson 35 (Frans Nielsen) at 8:34 (PP)
4. Rangers , Nathan Gerbe 11 (Jordan Staal, Keith Yandle) at 14:07 (PP)

Penalties :
Jamie Benn (NYI) for Holding (Minor) at 5:56, Kevin Shattenkirk (NYR) for Hooking (Minor) at 7:28, Travis Hamonic (NYI) for Interference (Minor) at 12:48

2nd period

5. Islanders , Erik Karlsson 36 (Jamie Benn, David Krejci) at 19:19 (PP)

Penalties :
Mirco Mueller (NYI) for Tripping (Minor) at 5:19, Patrik Berglund (NYI) for Hooking (Minor) at 9:48, Craig Adams (NYI) for Hooking (Minor) at 14:22, David Moss (NYR) for Hooking (Minor) at 14:25, Tim Sestito (NYR) for Elbowing (Minor) at 17:24

3rd period

6. Rangers , Nathan Gerbe 12 (Zach Parise, Jordan Staal) at 6:17 (PP)
7. Rangers , David Moss 5 (Michael Raffl, Keith Yandle) at 8:42 (PP)
8. Islanders , Tyler Ennis 17 (Carl Hagelin, Frans Nielsen) at 9:46

Penalties :
Brent Regner (NYR) for Hooking (Minor) at 2:13, Jamie Benn (NYI) for Hooking (Minor) at 5:18, Dalton Prout (NYI) for Fighting (Major) at 6:26, Brandon Manning (NYR) for Fighting (Major) at 6:26, Carl Hagelin (NYI) for Roughing (Minor) at 7:23

Overtime #1

No Goal

Penalties :
No Penalty

Shootout

Penalty Shot by Zach Parise for Rangers - Stopped by Braden Holtby
Penalty Shot by Jamie Benn for Islanders - Goal!
Penalty Shot by Jordan Staal for Rangers - Shot Misses the Net
Penalty Shot by Frans Nielsen for Islanders - Goal!

Penalties :
No Penalty

Goalie Stats

Roberto Luongo (NYR), 27 saves from 31 shots - (0.871), OTL, 21-12-2, 65:00 minutes
Braden Holtby (NYI), 38 saves from 42 shots - (0.905), W, 30-9-2, 65:00 minutes

Players Stats for Rangers

Player Name              G  A  P  +/- PIM S  H  SB GA TA FO     MP     PP MP  PK MP  
------------------------------------------------------------------------------------
Brandon Manning          0  0  0   0  5   0  2  1  0  0  0/0    19:16   2:42   1:53 
Brent Regner             0  0  0  -1  2   0  1  0  0  0  0/0    12:43   0:00   1:04 
Chris Terry              0  0  0  -1  0   2  0  0  1  0  0/0     7:56   0:00   0:26 
David Moss               1  0  1   0  2   1  0  0  0  1  0/0    15:49   3:47   0:00 
Jamie McBain             0  0  0  -1  0   1  0  1  0  2  0/0    14:11   0:38   0:00 
Jay McClement            0  0  0   0  0   1  0  1  0  1  5/10   14:57   0:00   0:03 
Jordan Staal             0  2  2  -1  0   5  2  1  0  0  11/23  24:54   4:10   4:04 
Keith Yandle             1  2  3  -1  0   6  0  0  0  2  0/0    31:32   4:38   3:10 
Kevin Shattenkirk        0  1  1  -1  2   9  2  4  0  2  0/0    30:27   4:38   2:06 
Kyle Palmieri            0  0  0   0  0   3  0  0  3  0  1/1    14:57   0:00   0:03 
Matt Martin              0  0  0   0  0   1  3  0  0  0  0/1    13:12   0:00   0:26 
Michael Raffl            0  1  1   0  0   4  4  0  1  1  4/15   17:13   3:48   0:30 
Nathan Gerbe             2  0  2  -1  0   3  3  0  2  1  0/0    18:36   4:10   0:30 
Nick Spaling             0  0  0   0  0   0  1  0  0  1  0/2    15:29   3:48   0:00 
Nikita Nikitin           0  0  0   0  0   0  1  1  0  1  0/0    21:51   3:20   1:53 
Tanner Glass             0  0  0  -1  0   1  0  0  0  0  0/0     7:30   0:00   0:00 
Tim Sestito              0  0  0  -1  2   1  2  0  1  1  0/4     7:29   0:00   0:00 
Zach Parise              0  2  2  -1  0   4  1  0  7  0  4/12   24:54   4:10   4:04 

Players Stats for Islanders

Player Name              G  A  P  +/- PIM S  H  SB GA TA FO     MP     PP MP  PK MP  
------------------------------------------------------------------------------------
Brandon Pirri            0  0  0   1  0   0  0  0  2  0  2/2    13:51   0:00   0:00 
Carl Hagelin             0  1  1   1  2   2  1  0  1  1  0/1    16:32   2:23   0:00 
Craig Adams              0  0  0   0  2   0  1  0  1  0  1/2    10:51   0:03   0:34 
Dalton Prout             0  0  0   0  5   2  2  2  0  1  0/0    20:07   0:00   3:09 
David Krejci             0  2  2   1  0   0  4  1  1  0  17/25  20:35   2:40   0:03 
Dustin Brown             0  0  0   0  0   2  2  0  1  0  0/0    16:59   3:43   0:00 
Erik Karlsson            2  0  2   0  0   9  1  2  2  1  0/0    27:02   5:00   0:00 
Frans Nielsen            0  2  2   1  0   2  0  0  1  0  9/12   14:22   2:20   0:00 
Jamie Benn               1  1  2   1  4   7  0  0  3  0  1/1    21:43   2:40   1:13 
Kevin Klein              0  0  0   0  0   0  1  1  0  0  0/0    17:13   0:00   3:51 
Lauri Korpikoski         0  0  0   0  0   0  0  1  3  0  1/2    14:59   0:00   6:35 
Marcel Goc               0  0  0   0  0   0  0  0  2  0  5/10    9:31   0:00   1:13 
Mirco Mueller            0  0  0   2  2   0  1  4  0  0  0/0    12:44   0:00   0:00 
Patrik Berglund          0  0  0   0  2   0  0  1  0  0  0/0    10:24   0:00   0:00 
Paul Gaustad             0  0  0   0  0   1  4  2  0  1  7/13   19:29   2:40   6:18 
Rob Scuderi              0  0  0   2  0   2  0  0  0  0  0/0    25:46   1:23   5:35 
Travis Hamonic           0  0  0   0  2   2  3  2  1  2  0/0    23:28   0:03   3:21 
Tyler Ennis              1  0  1   1  0   2  1  0  2  0  0/0    14:22   2:20   0:00 

3 Stars

1 - Erik Karlsson (NYI)
2 - Nathan Gerbe (NYR)
3 - David Krejci (NYI)

Power Play

Rangers - 4 on 7 Attempt(s) - 57.14%
Islanders - 2 on 4 Attempt(s) - 50.00%

Penalty Kill

Rangers - 2 on 4 Attempt(s) - 50.00% - Score 0 goal in Penalty Kill
Islanders - 3 on 7 Attempt(s) - 42.86% - Score 0 goal in Penalty Kill

Team Stat

Rangers - Hits : 22 - Faceoff Wins : 25 - Blocked Shots : 9 - Penalty Minutes : 13
Islanders - Hits : 21 - Faceoff Wins : 43 - Blocked Shots : 16 - Penalty Minutes : 19

Official

Referees : Unknown
Linesman : Unknown

Game Notes

Dalton Prout and Brandon Manning fight to a draw at 6:26 of 3rd period

Finance

Level 1 -- Attendance: 4117 (68.62%) -- Ticket Income $411,700
Level 2 -- Attendance: 3492 (69.84%) -- Ticket Income $226,980
Level 3 -- Attendance: 1260 (63.00%) -- Ticket Income $56,700
Level 4 -- Attendance: 2520 (63.00%) -- Ticket Income $75,600
Luxury Box -- Attendance: 749 (74.90%) -- Ticket Income $149,800
Game was played at the Nassau Coliseum.
Total Attendance: 12138 (67.43%)
Total Ticket Income: $920,780
Other Income: $451,182
Total Income: $1,371,962

Rangers

5 vs 5 Forward 
   Center                   Left Wing                Right Wing               Time % Phy DF OF 
 1 Jordan Staal             Zach Parise              Nathan Gerbe             35     1   2  2  
 2 Michael Raffl            Nick Spaling             David Moss               30     1   2  2  
 3 Jay McClement            Kyle Palmieri            Matt Martin              22     1   2  2  
 4 Tim Sestito              Chris Terry              Tanner Glass             13     1   2  2  

5 vs 5 Defense 
   Defense                  Defense                                           Time % Phy DF OF 
 1 Kevin Shattenkirk        Keith Yandle                                      35     1   2  2  
 2 Nikita Nikitin           Brandon Manning                                   30     1   2  2  
 3 Jamie McBain             Brent Regner                                      22     1   2  2  
 4 Kevin Shattenkirk        Keith Yandle                                      13     1   2  2  

PowerPlay Forward 
   Center                   Left Wing                Right Wing               Time % Phy DF OF 
 1 Jordan Staal             Zach Parise              Nathan Gerbe             60     1   2  2  
 2 Michael Raffl            Nick Spaling             David Moss               40     1   2  2  

PowerPlay Defense
   Defense                  Defense                                           Time % Phy DF OF 
 1 Kevin Shattenkirk        Keith Yandle                                      60     1   2  2  
 2 Nikita Nikitin           Brandon Manning                                   40     1   2  2  

Penalty Kill 4 Players Forward 
   Center                   Wing                     Time % Phy DF OF 
 1 Zach Parise              Jordan Staal             60     1   2  2  
 2 Michael Raffl            Nathan Gerbe             40     1   2  2  

Penalty Kill 4 Players Defense
   Defense                  Defense                  Time % Phy DF OF 
 1 Kevin Shattenkirk        Keith Yandle             60     1   2  2  
 2 Nikita Nikitin           Brandon Manning          40     1   2  2  

Penalty Kill - 3 Players Forward 
   Forward                                           Time % Phy DF OF 
 1 Zach Parise                                       60     1   2  2  
 2 Jordan Staal                                      40     1   2  2  

Penalty Kill - 3 Players Defense
   Defense                  Defense                  Time % Phy DF OF 
 1 Kevin Shattenkirk        Keith Yandle             60     1   2  2  
 2 Nikita Nikitin           Brandon Manning          40     1   2  2  

4 vs 4 Forward 
   Center                   Wing                     Time % Phy DF OF 
 1 Zach Parise              Jordan Staal             60     1   2  2  
 2 Michael Raffl            Nathan Gerbe             40     1   2  2  

4 vs 4 Defense
   Defense                  Defense                  Time % Phy DF OF 
 1 Kevin Shattenkirk        Keith Yandle             60     1   2  2  
 2 Nikita Nikitin           Brandon Manning          40     1   2  2  

Last Minutes Offensive
   Center                   Left Wing                Right Wing               Defense                  Defense                  
   Jordan Staal             Zach Parise              Nathan Gerbe             Kevin Shattenkirk        Keith Yandle             

Last Minutes Defensive
   Center                   Left Wing                Right Wing               Defense                  Defense                  
   Jordan Staal             Zach Parise              Nathan Gerbe             Kevin Shattenkirk        Keith Yandle             

Goaltenders
Starting : Roberto Luongo           
Backup : Jonas Gustavsson         

Extra Forwards
Normal : Jay McClement, Kyle Palmieri, Matt Martin - PP : Jay McClement, Kyle Palmieri - PK : Matt Martin
Extra Defensemen
Normal : Jamie McBain, Brent Regner, Nikita Nikitin - PP : Jamie McBain - PK : Brent Regner, Nikita Nikitin
Penalty Shots
Zach Parise, Jordan Staal, Michael Raffl, Nathan Gerbe, Jay McClement

Islanders

5 vs 5 Forward 
   Center                   Left Wing                Right Wing               Time % Phy DF OF 
 1 David Krejci             Jamie Benn               Brandon Pirri            33     1   2  2  
 2 Frans Nielsen            Carl Hagelin             Tyler Ennis              29     1   2  2  
 3 Paul Gaustad             Dustin Brown             Patrik Berglund          23     1   2  2  
 4 Marcel Goc               Craig Adams              Lauri Korpikoski         15     1   2  2  

5 vs 5 Defense 
   Defense                  Defense                                           Time % Phy DF OF 
 1 Erik Karlsson            Dalton Prout                                      33     1   2  2  
 2 Kevin Klein              Travis Hamonic                                    30     1   2  2  
 3 Mirco Mueller            Rob Scuderi                                       24     1   2  2  
 4 Erik Karlsson            Rob Scuderi                                       13     1   2  2  

PowerPlay Forward 
   Center                   Left Wing                Right Wing               Time % Phy DF OF 
 1 David Krejci             Jamie Benn               Paul Gaustad             70     1   2  2  
 2 Frans Nielsen            Carl Hagelin             Tyler Ennis              30     1   2  2  

PowerPlay Defense
   Defense                  Defense                                           Time % Phy DF OF 
 1 Erik Karlsson            Dustin Brown                                      60     1   2  2  
 2 Erik Karlsson            Rob Scuderi                                       40     1   2  2  

Penalty Kill 4 Players Forward 
   Center                   Wing                     Time % Phy DF OF 
 1 Paul Gaustad             Lauri Korpikoski         60     1   2  2  
 2 Marcel Goc               Jamie Benn               40     1   2  2  

Penalty Kill 4 Players Defense
   Defense                  Defense                  Time % Phy DF OF 
 1 Kevin Klein              Rob Scuderi              50     1   2  2  
 2 Dalton Prout             Travis Hamonic           50     1   2  2  

Penalty Kill - 3 Players Forward 
   Forward                                           Time % Phy DF OF 
 1 Paul Gaustad                                      60     1   2  2  
 2 Marcel Goc                                        40     1   2  2  

Penalty Kill - 3 Players Defense
   Defense                  Defense                  Time % Phy DF OF 
 1 Rob Scuderi              Kevin Klein              50     1   2  2  
 2 Dalton Prout             Travis Hamonic           50     1   2  2  

4 vs 4 Forward 
   Center                   Wing                     Time % Phy DF OF 
 1 David Krejci             Jamie Benn               60     1   2  2  
 2 Frans Nielsen            Dustin Brown             40     1   2  2  

4 vs 4 Defense
   Defense                  Defense                  Time % Phy DF OF 
 1 Erik Karlsson            Dalton Prout             60     1   2  2  
 2 Travis Hamonic           Rob Scuderi              40     1   2  2  

Last Minutes Offensive
   Center                   Left Wing                Right Wing               Defense                  Defense                  
   David Krejci             Jamie Benn               Brandon Pirri            Erik Karlsson            Travis Hamonic           

Last Minutes Defensive
   Center                   Left Wing                Right Wing               Defense                  Defense                  
   Paul Gaustad             Marcel Goc               Craig Adams              Rob Scuderi              Dalton Prout             

Goaltenders
Starting : Braden Holtby            
Backup : Andrew Hammond           

Extra Forwards
Normal : Jamie Benn, Carl Hagelin, Dustin Brown - PP : David Krejci, Jamie Benn - PK : Lauri Korpikoski
Extra Defensemen
Normal : Erik Karlsson, Dalton Prout, Travis Hamonic - PP : Erik Karlsson - PK : Rob Scuderi, Dalton Prout
Penalty Shots
Jamie Benn, Frans Nielsen, Tyler Ennis, Dustin Brown, Erik Karlsson

% Time on Ice - Rangers

Lines # - Real PCT - Wanted PCT - Time Play
Normal Forward
1 - 29% - 35% - 13:06
2 - 26% - 30% - 11:41
3 - 28% - 22% - 12:46
4 - 17% - 13% - 7:30
Normal Defense
1 - 38% - 35% - 16:57
2 - 31% - 30% - 13:56
3 - 26% - 22% - 11:37
4 - 6% - 13% - 2:33
PP Forward
1 - 52% - 60% - 4:10
2 - 48% - 40% - 3:48
PP Defense
1 - 58% - 60% - 4:38
2 - 42% - 40% - 3:20
PK Forward
1 - 90% - 60% - 4:33
2 - 10% - 40% - 0:30
PK Defense
1 - 63% - 60% - 3:10
2 - 37% - 40% - 1:53
PK3 Forward
1 - 0% - 60%
2 - 0% - 40%
PK3 Defense
1 - 0% - 60%
2 - 0% - 40%
44 Forward
1 - 82% - 60% - 5:42
2 - 18% - 40% - 1:14
44 Defense
1 - 61% - 60% - 4:14
2 - 39% - 40% - 2:42
Last Minute Offensive  - 0:00
Last Minute Defensive  - 0:00
Total
Forward - 65:00
Defense - 65:00

% Time on Ice - Islanders

Lines # - Real PCT - Wanted PCT - Time Play
Normal Forward
1 - 32% - 33% - 14:24
2 - 27% - 29% - 12:02
3 - 23% - 23% - 10:19
4 - 18% - 15% - 8:18
Normal Defense
1 - 34% - 33% - 15:25
2 - 32% - 30% - 14:21
3 - 28% - 24% - 12:39
4 - 6% - 13% - 2:38
PP Forward
1 - 54% - 70% - 2:43
2 - 46% - 30% - 2:20
PP Defense
1 - 73% - 60% - 3:40
2 - 27% - 40% - 1:23
PK Forward
1 - 85% - 60% - 6:45
2 - 15% - 40% - 1:13
PK Defense
1 - 48% - 50% - 3:51
2 - 52% - 50% - 4:07
PK3 Forward
1 - 0% - 60%
2 - 0% - 40%
PK3 Defense
1 - 0% - 50%
2 - 0% - 50%
44 Forward
1 - 100% - 60% - 6:56
2 - 0% - 40% - 0:00
44 Defense
1 - 59% - 60% - 4:05
2 - 41% - 40% - 2:51
Last Minute Offensive  - 0:00
Last Minute Defensive  - 0:00
Total
Forward - 65:00
Defense - 65:00

Play by Play

1st period


0:01 of 1st period - David Krejci wins face-off versus Jordan Staal in neutral zone.
0:20 of 1st period - Slapshot by Kevin Shattenkirk.
0:20 of 1st period - Stopped by Braden Holtby without a rebound.
0:21 of 1st period - Frans Nielsen wins face-off versus Michael Raffl in Islanders zone.
0:26 of 1st period - Snap shot by Frans Nielsen.
0:26 of 1st period - Shot Misses the Net.
0:28 of 1st period - Wrist shot by Carl Hagelin.
0:28 of 1st period - Shot Blocked by Nikita Nikitin.
0:30 of 1st period - Wrist shot by Frans Nielsen.
0:30 of 1st period - Stopped by Roberto Luongo with a rebound.
0:32 of 1st period - Snap shot by Frans Nielsen.
0:32 of 1st period - Shot Misses the Net.
0:34 of 1st period - Wrist shot by Carl Hagelin.
0:34 of 1st period - Stopped by Roberto Luongo without a rebound.
0:35 of 1st period - Frans Nielsen wins face-off versus Michael Raffl in Rangers zone.
0:42 of 1st period - Brandon Manning is hit by Travis Hamonic.
0:52 of 1st period - Travis Hamonic is hit by Nikita Nikitin and loses puck.
1:35 of 1st period - Jay McClement is hit by Paul Gaustad and loses puck.
2:12 of 1st period - Slapshot by Keith Yandle.
2:12 of 1st period - Shot Blocked by Kevin Klein.
2:26 of 1st period - Wrist shot by Jordan Staal.
2:26 of 1st period - Stopped by Braden Holtby with a rebound.
2:28 of 1st period - Snap shot by Jordan Staal.
2:28 of 1st period - Stopped by Braden Holtby with a rebound.
2:30 of 1st period - Snap shot by Jamie McBain.
2:30 of 1st period - Shot Blocked by Travis Hamonic.
2:34 of 1st period - Snap shot by Zach Parise.
2:34 of 1st period - Shot Misses the Net.
2:36 of 1st period - Slapshot by Zach Parise.
2:36 of 1st period - Shot Blocked by Paul Gaustad.
3:15 of 1st period - Snap shot by Jamie Benn.
3:15 of 1st period - Goal by Jamie Benn - Rangers : 0 - Islanders : 1.
3:16 of 1st period - Jay McClement wins face-off versus David Krejci in neutral zone.
3:36 of 1st period - Slapshot by Erik Karlsson.
3:36 of 1st period - Stopped by Roberto Luongo with a rebound.
4:11 of 1st period - Dalton Prout is hit by Nathan Gerbe and loses puck.
5:24 of 1st period - Wrist shot by Frans Nielsen.
5:24 of 1st period - Shot Blocked by Brandon Manning.
5:52 of 1st period - Snap shot by Tim Sestito.
5:52 of 1st period - Stopped by Braden Holtby without a rebound.
5:53 of 1st period - David Krejci wins face-off versus Jay McClement in Islanders zone.
5:53 of 1st period - David Krejci is hit by Matt Martin.
5:56 of 1st period - Minor Penalty to Jamie Benn for Holding.
5:57 of 1st period - Jordan Staal wins face-off versus Paul Gaustad in Islanders zone.
6:10 of 1st period - Slapshot by Zach Parise.
6:10 of 1st period - Shot Misses the Net.
6:12 of 1st period - Wrist shot by Zach Parise.
6:12 of 1st period - Shot Misses the Net.
6:14 of 1st period - Slapshot by Kevin Shattenkirk.
6:14 of 1st period - Stopped by Braden Holtby with a rebound.
6:16 of 1st period - Slapshot by Keith Yandle.
6:16 of 1st period - Goal by Keith Yandle - Rangers : 1 - Islanders : 1.
6:17 of 1st period - Jordan Staal wins face-off versus David Krejci in neutral zone.
6:27 of 1st period - Jordan Staal is hit by David Krejci and loses puck.
6:34 of 1st period - Snap shot by Jamie Benn.
6:34 of 1st period - Stopped by Roberto Luongo with a rebound.
6:46 of 1st period - Wrist shot by Jamie Benn.
6:46 of 1st period - Shot Misses the Net.
6:48 of 1st period - Snap shot by Rob Scuderi.
6:48 of 1st period - Shot Blocked by Kevin Shattenkirk.
6:50 of 1st period - Slapshot by Erik Karlsson.
6:50 of 1st period - Deflect By Zach Parise.
6:50 of 1st period - Stopped by Roberto Luongo with a rebound.
6:52 of 1st period - Snap shot by Jamie Benn.
6:52 of 1st period - Deflect By David Krejci.
6:52 of 1st period - Shot Misses the Net.
6:52 of 1st period - Puck is out of play.
6:53 of 1st period - Frans Nielsen wins face-off versus Michael Raffl in Rangers zone.
7:21 of 1st period - Wrist shot by Frans Nielsen.
7:21 of 1st period - Shot Misses the Net.
7:23 of 1st period - Slapshot by Rob Scuderi.
7:23 of 1st period - Stopped by Roberto Luongo without a rebound.
7:24 of 1st period - Marcel Goc wins face-off versus Jay McClement in Rangers zone.
7:28 of 1st period - Minor Penalty to Kevin Shattenkirk for Hooking.
7:29 of 1st period - David Krejci wins face-off versus Zach Parise in Rangers zone.
7:29 of 1st period - Slapshot by Jamie Benn.
7:29 of 1st period - Shot Blocked by Jordan Staal.
7:31 of 1st period - Wrist shot by Dustin Brown.
7:31 of 1st period - Stopped by Roberto Luongo without a rebound.
7:32 of 1st period - Zach Parise wins face-off versus David Krejci in Rangers zone.
7:47 of 1st period - Snap shot by Jamie Benn.
7:47 of 1st period - Deflect By David Krejci.
7:47 of 1st period - Shot Misses the Net.
7:47 of 1st period - Puck is out of play.
7:48 of 1st period - David Krejci wins face-off versus Zach Parise in Rangers zone.
8:32 of 1st period - Wrist shot by Frans Nielsen.
8:32 of 1st period - Stopped by Roberto Luongo without a rebound.
8:33 of 1st period - Frans Nielsen wins face-off versus Zach Parise in Rangers zone.
8:34 of 1st period - Slapshot by Erik Karlsson.
8:34 of 1st period - Deflect By Zach Parise.
8:34 of 1st period - Goal by Erik Karlsson - Rangers : 1 - Islanders : 2.
8:35 of 1st period - Michael Raffl wins face-off versus Marcel Goc in neutral zone.
8:46 of 1st period - Kevin Shattenkirk is hit by Craig Adams and loses puck.
8:57 of 1st period - Slapshot by Kevin Shattenkirk.
8:57 of 1st period - Stopped by Braden Holtby with a rebound.
9:23 of 1st period - Off-side.
9:24 of 1st period - David Krejci wins face-off versus Jay McClement in neutral zone.
9:29 of 1st period - Snap shot by David Krejci.
9:29 of 1st period - Shot Misses the Net.
9:31 of 1st period - Backhand shot by Rob Scuderi.
9:31 of 1st period - Shot Misses the Net.
9:39 of 1st period - Kyle Palmieri is hit by David Krejci and loses puck.
10:47 of 1st period - Slapshot by Jordan Staal.
10:47 of 1st period - Shot Misses the Net.
10:49 of 1st period - Slapshot by Jamie McBain.
10:49 of 1st period - Stopped by Braden Holtby with a rebound.
10:56 of 1st period - Icing by Frans Nielsen.
10:57 of 1st period - Frans Nielsen wins face-off versus Tim Sestito in Islanders zone.
11:09 of 1st period - Off-side.
11:10 of 1st period - Paul Gaustad wins face-off versus Tim Sestito in neutral zone.
11:21 of 1st period - Slapshot by Keith Yandle.
11:21 of 1st period - Shot Blocked by Dalton Prout.
12:07 of 1st period - Brandon Manning is hit by Dalton Prout and loses puck.
12:37 of 1st period - Off-side.
12:38 of 1st period - Jordan Staal wins face-off versus Lauri Korpikoski in neutral zone.
12:48 of 1st period - Minor Penalty to Travis Hamonic for Interference.
12:49 of 1st period - Paul Gaustad wins face-off versus Jordan Staal in Islanders zone.
12:49 of 1st period - Paul Gaustad is hit by Nathan Gerbe.
13:19 of 1st period - Snap shot by Nathan Gerbe.
13:19 of 1st period - Shot Misses the Net.
13:21 of 1st period - Slapshot by Keith Yandle.
13:21 of 1st period - Stopped by Braden Holtby without a rebound.
13:22 of 1st period - Lauri Korpikoski wins face-off versus Nick Spaling in Islanders zone.
13:22 of 1st period - Lauri Korpikoski is hit by Michael Raffl.
13:34 of 1st period - Lauri Korpikoski is hit by Michael Raffl and loses puck.
13:55 of 1st period - Snap shot by David Moss.
13:55 of 1st period - Shot Misses the Net.
13:57 of 1st period - Wrist shot by Michael Raffl.
13:57 of 1st period - Stopped by Braden Holtby without a rebound.
13:58 of 1st period - Jordan Staal wins face-off versus Paul Gaustad in Islanders zone.
14:03 of 1st period - Snap shot by Zach Parise.
14:03 of 1st period - Stopped by Braden Holtby with a rebound.
14:05 of 1st period - Slapshot by Keith Yandle.
14:05 of 1st period - Deflect By Jordan Staal.
14:05 of 1st period - Stopped by Braden Holtby with a rebound.
14:07 of 1st period - Snap shot by Nathan Gerbe.
14:07 of 1st period - Deflect By Rob Scuderi.
14:07 of 1st period - Goal by Nathan Gerbe - Rangers : 2 - Islanders : 2.
14:08 of 1st period - David Krejci wins face-off versus Jordan Staal in neutral zone.
14:10 of 1st period - Off-side.
14:11 of 1st period - Jamie Benn wins face-off versus Jordan Staal in neutral zone.
14:23 of 1st period - Off-side.
14:24 of 1st period - Brandon Pirri wins face-off versus Jordan Staal in neutral zone.
14:39 of 1st period - Wrist shot by Zach Parise.
14:39 of 1st period - Shot Blocked by Travis Hamonic.
15:19 of 1st period - Wrist shot by Frans Nielsen.
15:19 of 1st period - Shot Misses the Net.
16:03 of 1st period - Wrist shot by Kyle Palmieri.
16:03 of 1st period - Shot Blocked by Paul Gaustad.
16:05 of 1st period - Wrist shot by Jay McClement.
16:05 of 1st period - Shot Misses the Net.
16:46 of 1st period - Wrist shot by Tanner Glass.
16:46 of 1st period - Stopped by Braden Holtby with a rebound.
16:48 of 1st period - Backhand shot by Tim Sestito.
16:48 of 1st period - Shot Misses the Net.
16:50 of 1st period - Slapshot by Jamie McBain.
16:50 of 1st period - Shot Misses the Net.
16:52 of 1st period - Wrist shot by Tanner Glass.
16:52 of 1st period - Shot Misses the Net.
16:54 of 1st period - Slapshot by Jamie McBain.
16:54 of 1st period - Deflect By Chris Terry.
16:54 of 1st period - Stopped by Braden Holtby with a rebound.
16:56 of 1st period - Snap shot by Chris Terry.
16:56 of 1st period - Stopped by Braden Holtby without a rebound.
16:57 of 1st period - Zach Parise wins face-off versus Marcel Goc in Islanders zone.
17:15 of 1st period - Slapshot by Mirco Mueller.
17:15 of 1st period - Deflect By Lauri Korpikoski.
17:15 of 1st period - Shot Misses the Net.
17:15 of 1st period - Puck is out of play.
17:16 of 1st period - Jordan Staal wins face-off versus Marcel Goc in Rangers zone.
17:37 of 1st period - Snap shot by Zach Parise.
17:37 of 1st period - Stopped by Braden Holtby without a rebound.
17:38 of 1st period - David Krejci wins face-off versus Michael Raffl in Islanders zone.
17:45 of 1st period - Keith Yandle is hit by Kevin Klein and loses puck.
18:24 of 1st period - Off-side.
18:25 of 1st period - Frans Nielsen wins face-off versus Jay McClement in neutral zone.
18:54 of 1st period - Snap shot by Carl Hagelin.
18:54 of 1st period - Shot Hit the Post.
Goals for this period are 2 for Rangers vs 2 for Islanders.
Shots for this period are 17 for Rangers vs 10 for Islanders.

2nd period


0:01 of 2nd period - Jordan Staal wins face-off versus David Krejci in neutral zone.
0:17 of 2nd period - Snap shot by Zach Parise.
0:17 of 2nd period - Deflect By Nathan Gerbe.
0:17 of 2nd period - Shot Misses the Net.
0:17 of 2nd period - Puck is out of play.
0:18 of 2nd period - Brandon Pirri wins face-off versus Jordan Staal in Islanders zone.
0:23 of 2nd period - Snap shot by Jamie Benn.
0:23 of 2nd period - Shot Blocked by Kevin Shattenkirk.
1:52 of 2nd period - Snap shot by Patrik Berglund.
1:52 of 2nd period - Deflect By Dustin Brown.
1:52 of 2nd period - Shot Blocked by Jamie McBain.
1:52 of 2nd period - Puck is out of play.
1:53 of 2nd period - Marcel Goc wins face-off versus Tim Sestito in Rangers zone.
2:23 of 2nd period - Wrist shot by Travis Hamonic.
2:23 of 2nd period - Stopped by Roberto Luongo without a rebound.
2:24 of 2nd period - David Krejci wins face-off versus Jordan Staal in Rangers zone.
2:51 of 2nd period - Slapshot by Keith Yandle.
2:51 of 2nd period - Shot Misses the Net.
2:53 of 2nd period - Snap shot by Zach Parise.
2:53 of 2nd period - Shot Blocked by Mirco Mueller.
2:55 of 2nd period - Slapshot by Kevin Shattenkirk.
2:55 of 2nd period - Stopped by Braden Holtby without a rebound.
2:56 of 2nd period - Frans Nielsen wins face-off versus Michael Raffl in Islanders zone.
3:25 of 2nd period - Snap shot by Michael Raffl.
3:25 of 2nd period - Stopped by Braden Holtby with a rebound.
3:53 of 2nd period - Kyle Palmieri is hit by Dustin Brown.
3:59 of 2nd period - Slapshot by Kevin Shattenkirk.
3:59 of 2nd period - Stopped by Braden Holtby with a rebound.
4:01 of 2nd period - Slapshot by Kyle Palmieri.
4:01 of 2nd period - Stopped by Braden Holtby without a rebound.
4:02 of 2nd period - David Krejci wins face-off versus Jordan Staal in Islanders zone.
4:15 of 2nd period - Rob Scuderi is hit by Jordan Staal and loses puck.
4:24 of 2nd period - Slapshot by Jordan Staal.
4:24 of 2nd period - Shot Blocked by Erik Karlsson.
4:38 of 2nd period - Snap shot by Zach Parise.
4:38 of 2nd period - Deflect By Nathan Gerbe.
4:38 of 2nd period - Shot Misses the Net.
4:38 of 2nd period - Puck is out of play.
4:39 of 2nd period - Kyle Palmieri wins face-off versus Paul Gaustad in Islanders zone.
5:03 of 2nd period - Slapshot by Erik Karlsson.
5:03 of 2nd period - Stopped by Roberto Luongo without a rebound.
5:04 of 2nd period - Michael Raffl wins face-off versus Frans Nielsen in Rangers zone.
5:17 of 2nd period - Slapshot by Michael Raffl.
5:17 of 2nd period - Shot Misses the Net.
5:19 of 2nd period - Minor Penalty to Mirco Mueller for Tripping.
5:20 of 2nd period - Paul Gaustad wins face-off versus Jordan Staal in Islanders zone.
6:57 of 2nd period - Snap shot by Zach Parise.
6:57 of 2nd period - Deflect By Nathan Gerbe.
6:57 of 2nd period - Stopped by Braden Holtby without a rebound.
6:58 of 2nd period - Jordan Staal wins face-off versus Marcel Goc in Islanders zone.
7:17 of 2nd period - Slapshot by Kevin Shattenkirk.
7:17 of 2nd period - Deflect By David Moss.
7:17 of 2nd period - Shot Misses the Net.
7:17 of 2nd period - Puck is out of play.
7:18 of 2nd period - Paul Gaustad wins face-off versus Nick Spaling in Islanders zone.
7:19 of 2nd period - Penalty to Mirco Mueller is over, Mirco Mueller is back on ice.
7:40 of 2nd period - Wrist shot by Kyle Palmieri.
7:40 of 2nd period - Stopped by Braden Holtby with a rebound.
7:48 of 2nd period - Travis Hamonic is hit by Matt Martin and loses puck.
8:22 of 2nd period - Snap shot by Carl Hagelin.
8:22 of 2nd period - Shot Misses the Net.
8:24 of 2nd period - Slapshot by Rob Scuderi.
8:24 of 2nd period - Stopped by Roberto Luongo with a rebound.
8:26 of 2nd period - Wrist shot by Carl Hagelin.
8:26 of 2nd period - Shot Misses the Net.
8:28 of 2nd period - Snap shot by Carl Hagelin.
8:28 of 2nd period - Shot Misses the Net.
8:30 of 2nd period - Wrist shot by Carl Hagelin.
8:30 of 2nd period - Shot Misses the Net.
9:09 of 2nd period - Jay McClement is hit by Mirco Mueller and loses puck.
9:48 of 2nd period - Minor Penalty to Patrik Berglund for Hooking.
9:49 of 2nd period - Jordan Staal wins face-off versus Paul Gaustad in Islanders zone.
10:17 of 2nd period - Dalton Prout is hit by Brandon Manning and loses puck.
10:32 of 2nd period - Slapshot by Keith Yandle.
10:32 of 2nd period - Stopped by Braden Holtby with a rebound.
11:00 of 2nd period - David Moss is hit by Paul Gaustad.
11:24 of 2nd period - Slapshot by Keith Yandle.
11:24 of 2nd period - Deflect By Craig Adams.
11:24 of 2nd period - Stopped by Braden Holtby without a rebound.
11:25 of 2nd period - Jordan Staal wins face-off versus Craig Adams in Islanders zone.
11:48 of 2nd period - Penalty to Patrik Berglund is over, Patrik Berglund is back on ice.
12:22 of 2nd period - Jamie McBain is hit by Carl Hagelin and loses puck.
12:53 of 2nd period - Chris Terry is hit by David Krejci and loses puck.
13:32 of 2nd period - Kevin Shattenkirk is hit by Paul Gaustad and loses puck.
14:11 of 2nd period - Craig Adams is hit by Matt Martin and loses puck.
14:22 of 2nd period - Slapshot by Dalton Prout.
14:22 of 2nd period - Deflect By Keith Yandle.
14:22 of 2nd period - Stopped by Roberto Luongo without a rebound.
14:22 of 2nd period - Minor Penalty to Craig Adams for Hooking.
14:23 of 2nd period - Michael Raffl wins face-off versus David Krejci in Islanders zone.
14:25 of 2nd period - Minor Penalty to David Moss for Hooking.
14:26 of 2nd period - David Krejci wins face-off versus Zach Parise in Rangers zone.
14:42 of 2nd period - Slapshot by Erik Karlsson.
14:42 of 2nd period - Shot Misses the Net.
14:44 of 2nd period - Slapshot by Erik Karlsson.
14:44 of 2nd period - Deflect By Jamie Benn.
14:44 of 2nd period - Stopped by Roberto Luongo with a rebound.
14:46 of 2nd period - Snap shot by Dalton Prout.
14:46 of 2nd period - Stopped by Roberto Luongo with a rebound.
14:48 of 2nd period - Snap shot by Jamie Benn.
14:48 of 2nd period - Shot Misses the Net.
14:50 of 2nd period - Wrist shot by Jamie Benn.
14:50 of 2nd period - Stopped by Roberto Luongo with a rebound.
15:04 of 2nd period - Snap shot by Jamie Benn.
15:04 of 2nd period - Shot Misses the Net.
16:22 of 2nd period - Penalty to Craig Adams is over, Craig Adams is back on ice.
16:25 of 2nd period - Penalty to David Moss is over, David Moss is back on ice.
16:58 of 2nd period - Wrist shot by Chris Terry.
16:58 of 2nd period - Deflect By Tim Sestito.
16:58 of 2nd period - Shot Blocked by Lauri Korpikoski.
16:58 of 2nd period - Puck is out of play.
16:59 of 2nd period - Marcel Goc wins face-off versus Tim Sestito in Islanders zone.
17:24 of 2nd period - Minor Penalty to Tim Sestito for Elbowing.
17:25 of 2nd period - Frans Nielsen wins face-off versus Zach Parise in Rangers zone.
17:43 of 2nd period - Slapshot by Tyler Ennis.
17:43 of 2nd period - Stopped by Roberto Luongo with a rebound.
17:45 of 2nd period - Slapshot by Carl Hagelin.
17:45 of 2nd period - Shot Misses the Net.
17:47 of 2nd period - Wrist shot by Frans Nielsen.
17:47 of 2nd period - Deflect By Tyler Ennis.
17:47 of 2nd period - Shot Misses the Net.
17:47 of 2nd period - Puck is out of play.
17:48 of 2nd period - David Krejci wins face-off versus Zach Parise in Rangers zone.
17:51 of 2nd period - Snap shot by Jamie Benn.
17:51 of 2nd period - Stopped by Roberto Luongo without a rebound.
17:52 of 2nd period - Zach Parise wins face-off versus David Krejci in Rangers zone.
18:51 of 2nd period - Nikita Nikitin is hit by Tyler Ennis and loses puck.
19:10 of 2nd period - Nikita Nikitin is hit by Paul Gaustad and loses puck.
19:19 of 2nd period - Slapshot by Erik Karlsson.
19:19 of 2nd period - Goal by Erik Karlsson - Rangers : 2 - Islanders : 3.
19:20 of 2nd period - Marcel Goc wins face-off versus Michael Raffl in neutral zone.
Goals for this period are 0 for Rangers vs 1 for Islanders.
Shots for this period are 8 for Rangers vs 10 for Islanders.

3rd period


0:01 of 3rd period - Jordan Staal wins face-off versus David Krejci in neutral zone.
0:16 of 3rd period - Erik Karlsson is hit by Kevin Shattenkirk and loses puck.
0:37 of 3rd period - Slapshot by Jamie Benn.
0:37 of 3rd period - Stopped by Roberto Luongo with a rebound.
1:34 of 3rd period - Wrist shot by Dustin Brown.
1:34 of 3rd period - Stopped by Roberto Luongo without a rebound.
1:35 of 3rd period - Jay McClement wins face-off versus Paul Gaustad in Rangers zone.
1:59 of 3rd period - Slapshot by Matt Martin.
1:59 of 3rd period - Stopped by Braden Holtby with a rebound.
2:13 of 3rd period - Minor Penalty to Brent Regner for Hooking.
2:14 of 3rd period - Zach Parise wins face-off versus David Krejci in Rangers zone.
2:58 of 3rd period - Kevin Shattenkirk is hit by Erik Karlsson and loses puck.
3:24 of 3rd period - Slapshot by Erik Karlsson.
3:24 of 3rd period - Stopped by Roberto Luongo with a rebound.
3:44 of 3rd period - Slapshot by Erik Karlsson.
3:44 of 3rd period - Stopped by Roberto Luongo without a rebound.
3:45 of 3rd period - David Krejci wins face-off versus Michael Raffl in Rangers zone.
4:13 of 3rd period - Penalty to Brent Regner is over, Brent Regner is back on ice.
4:21 of 3rd period - Off-side.
4:22 of 3rd period - Marcel Goc wins face-off versus Matt Martin in neutral zone.
5:18 of 3rd period - Minor Penalty to Jamie Benn for Hooking.
5:19 of 3rd period - Michael Raffl wins face-off versus Paul Gaustad in Islanders zone.
5:21 of 3rd period - Slapshot by Keith Yandle.
5:21 of 3rd period - Shot Misses the Net.
5:45 of 3rd period - Snap shot by Michael Raffl.
5:45 of 3rd period - Stopped by Braden Holtby without a rebound.
5:46 of 3rd period - Paul Gaustad wins face-off versus Jordan Staal in Islanders zone.
6:17 of 3rd period - Snap shot by Nathan Gerbe.
6:17 of 3rd period - Goal by Nathan Gerbe - Rangers : 3 - Islanders : 3.
6:18 of 3rd period - David Krejci wins face-off versus Michael Raffl in neutral zone.
6:25 of 3rd period - Wrist shot by David Krejci.
6:25 of 3rd period - Shot Misses the Net.
6:26 of 3rd period - Dalton Prout and Brandon Manning fight to a draw.
6:26 of 3rd period - Penalty to Dalton Prout for Fighting.
6:26 of 3rd period - Penalty to Brandon Manning for Fighting.
6:27 of 3rd period - David Krejci wins face-off versus Jordan Staal in Rangers zone.
6:48 of 3rd period - Slapshot by Jordan Staal.
6:48 of 3rd period - Shot Misses the Net.
6:50 of 3rd period - Slapshot by Keith Yandle.
6:50 of 3rd period - Shot Blocked by David Krejci.
7:07 of 3rd period - Jamie Benn is hit by Zach Parise and loses puck.
7:23 of 3rd period - Minor Penalty to Carl Hagelin for Roughing.
7:24 of 3rd period - Paul Gaustad wins face-off versus Michael Raffl in Islanders zone.
7:44 of 3rd period - Snap shot by Paul Gaustad.
7:44 of 3rd period - Stopped by Roberto Luongo without a rebound.
7:45 of 3rd period - Paul Gaustad wins face-off versus Jordan Staal in Rangers zone.
7:52 of 3rd period - Snap shot by Lauri Korpikoski.
7:52 of 3rd period - Shot Blocked by Kevin Shattenkirk.
8:06 of 3rd period - Snap shot by Zach Parise.
8:06 of 3rd period - Stopped by Braden Holtby with a rebound.
8:08 of 3rd period - Wrist shot by Kevin Shattenkirk.
8:08 of 3rd period - Shot Misses the Net.
8:24 of 3rd period - Slapshot by Keith Yandle.
8:24 of 3rd period - Stopped by Braden Holtby with a rebound.
8:26 of 3rd period - Slapshot by Keith Yandle.
8:26 of 3rd period - Shot Misses the Net.
8:42 of 3rd period - Slapshot by David Moss.
8:42 of 3rd period - Goal by David Moss - Rangers : 4 - Islanders : 3.
8:43 of 3rd period - David Krejci wins face-off versus Jay McClement in neutral zone.
9:33 of 3rd period - Zach Parise is hit by Travis Hamonic and loses puck.
9:44 of 3rd period - Wrist shot by Frans Nielsen.
9:44 of 3rd period - Shot Misses the Net.
9:46 of 3rd period - Backhand shot by Carl Hagelin.
9:46 of 3rd period - Deflect By Tyler Ennis.
9:46 of 3rd period - Goal by Tyler Ennis - Rangers : 4 - Islanders : 4.
9:47 of 3rd period - Jordan Staal wins face-off versus Frans Nielsen in neutral zone.
10:53 of 3rd period - Dustin Brown is hit by Michael Raffl and loses puck.
11:06 of 3rd period - Slapshot by Michael Raffl.
11:06 of 3rd period - Stopped by Braden Holtby with a rebound.
11:16 of 3rd period - Nick Spaling is hit by Dustin Brown and loses puck.
11:31 of 3rd period - Slapshot by Jamie McBain.
11:31 of 3rd period - Shot Blocked by Erik Karlsson.
11:43 of 3rd period - Travis Hamonic is hit by Tim Sestito and loses puck.
11:50 of 3rd period - Tim Sestito is hit by Travis Hamonic.
12:20 of 3rd period - Wrist shot by Kyle Palmieri.
12:20 of 3rd period - Deflect By Jay McClement.
12:20 of 3rd period - Shot Blocked by Mirco Mueller.
12:20 of 3rd period - Puck is out of play.
12:21 of 3rd period - Jay McClement wins face-off versus Marcel Goc in Islanders zone.
12:27 of 3rd period - Off-side.
12:28 of 3rd period - Jay McClement wins face-off versus Frans Nielsen in neutral zone.
12:33 of 3rd period - Slapshot by Kevin Shattenkirk.
12:33 of 3rd period - Deflect By Kyle Palmieri.
12:33 of 3rd period - Stopped by Braden Holtby with a rebound.
12:39 of 3rd period - Wrist shot by Keith Yandle.
12:39 of 3rd period - Stopped by Braden Holtby with a rebound.
14:30 of 3rd period - Mirco Mueller is hit by Brent Regner and loses puck.
15:03 of 3rd period - Mirco Mueller is hit by Tim Sestito and loses puck.
15:43 of 3rd period - Snap shot by Kyle Palmieri.
15:43 of 3rd period - Shot Misses the Net.
15:45 of 3rd period - Wrist shot by Jay McClement.
15:45 of 3rd period - Stopped by Braden Holtby with a rebound.
15:59 of 3rd period - Rob Scuderi is hit by Jordan Staal and loses puck.
16:15 of 3rd period - Slapshot by Keith Yandle.
16:15 of 3rd period - Shot Blocked by Mirco Mueller.
16:17 of 3rd period - Wrist shot by Keith Yandle.
16:17 of 3rd period - Deflect By Jordan Staal.
16:17 of 3rd period - Shot Blocked by Patrik Berglund.
16:17 of 3rd period - Puck is out of play.
16:18 of 3rd period - Frans Nielsen wins face-off versus Michael Raffl in Islanders zone.
16:27 of 3rd period - Wrist shot by Tyler Ennis.
16:27 of 3rd period - Shot Blocked by Kevin Shattenkirk.
16:33 of 3rd period - Carl Hagelin is hit by Nick Spaling and loses puck.
17:18 of 3rd period - Travis Hamonic is hit by Brandon Manning and loses puck.
17:39 of 3rd period - Wrist shot by David Krejci.
17:39 of 3rd period - Shot Misses the Net.
17:55 of 3rd period - Tanner Glass is hit by David Krejci and loses puck.
18:13 of 3rd period - Slapshot by Erik Karlsson.
18:13 of 3rd period - Stopped by Roberto Luongo with a rebound.
18:15 of 3rd period - Slapshot by Craig Adams.
18:15 of 3rd period - Shot Blocked by Jay McClement.
19:00 of 3rd period - Snap shot by Tyler Ennis.
19:00 of 3rd period - Shot Misses the Net.
19:02 of 3rd period - Slapshot by Travis Hamonic.
19:02 of 3rd period - Deflect By Kevin Shattenkirk.
19:02 of 3rd period - Stopped by Roberto Luongo with a rebound.
19:04 of 3rd period - Slapshot by Kevin Klein.
19:04 of 3rd period - Shot Misses the Net.
19:06 of 3rd period - Slapshot by Erik Karlsson.
19:06 of 3rd period - Stopped by Roberto Luongo with a rebound.
19:28 of 3rd period - Dustin Brown is hit by Michael Raffl and loses puck.
19:51 of 3rd period - Slapshot by Michael Raffl.
19:51 of 3rd period - Shot Blocked by Mirco Mueller.
19:53 of 3rd period - Slapshot by Nikita Nikitin.
19:53 of 3rd period - Shot Misses the Net.
Goals for this period are 2 for Rangers vs 1 for Islanders.
Shots for this period are 10 for Rangers vs 9 for Islanders.

Overtime #1


0:01 of 1st overtime period - David Krejci wins face-off versus Zach Parise in neutral zone.
0:21 of 1st overtime period - Snap shot by Jordan Staal.
0:21 of 1st overtime period - Shot Blocked by Dalton Prout.
0:23 of 1st overtime period - Slapshot by Jordan Staal.
0:23 of 1st overtime period - Shot Misses the Net.
0:25 of 1st overtime period - Backhand shot by Jordan Staal.
0:25 of 1st overtime period - Stopped by Braden Holtby with a rebound.
0:27 of 1st overtime period - Slapshot by Jordan Staal.
0:27 of 1st overtime period - Stopped by Braden Holtby with a rebound.
0:29 of 1st overtime period - Slapshot by Kevin Shattenkirk.
0:29 of 1st overtime period - Stopped by Braden Holtby with a rebound.
0:31 of 1st overtime period - Slapshot by Keith Yandle.
0:31 of 1st overtime period - Deflect By Zach Parise.
0:31 of 1st overtime period - Stopped by Braden Holtby with a rebound.
0:33 of 1st overtime period - Slapshot by Kevin Shattenkirk.
0:33 of 1st overtime period - Stopped by Braden Holtby with a rebound.
0:35 of 1st overtime period - Slapshot by Kevin Shattenkirk.
0:35 of 1st overtime period - Stopped by Braden Holtby without a rebound.
0:36 of 1st overtime period - David Krejci wins face-off versus Zach Parise in Islanders zone.
1:45 of 1st overtime period - Slapshot by Kevin Shattenkirk.
1:45 of 1st overtime period - Stopped by Braden Holtby without a rebound.
1:46 of 1st overtime period - Jay McClement wins face-off versus Carl Hagelin in Islanders zone.
1:47 of 1st overtime period - Slapshot by Keith Yandle.
1:47 of 1st overtime period - Shot Misses the Net.
1:49 of 1st overtime period - Snap shot by Kevin Shattenkirk.
1:49 of 1st overtime period - Shot Misses the Net.
2:13 of 1st overtime period - Wrist shot by Dustin Brown.
2:13 of 1st overtime period - Deflect By Carl Hagelin.
2:13 of 1st overtime period - Deflect By Kevin Shattenkirk.
2:13 of 1st overtime period - Stopped by Roberto Luongo with a rebound.
2:59 of 1st overtime period - Snap shot by Jamie Benn.
2:59 of 1st overtime period - Stopped by Roberto Luongo with a rebound.
3:42 of 1st overtime period - Off-side.
3:43 of 1st overtime period - Craig Adams wins face-off versus Michael Raffl in neutral zone.
4:02 of 1st overtime period - Dalton Prout is hit by Kevin Shattenkirk and loses puck.
4:21 of 1st overtime period - Craig Adams is hit by Nathan Gerbe and loses puck.
4:28 of 1st overtime period - Michael Raffl is hit by Dalton Prout and loses puck.
Goals for this period are 0 for Rangers vs 0 for Islanders.
Shots for this period are 7 for Rangers vs 2 for Islanders.

ShootOut


5:00 of 1st overtime period - Penalty Shot by Zach Parise for Rangers.
5:00 of 1st overtime period - Backhand shot by Zach Parise.
5:00 of 1st overtime period - Stopped by Braden Holtby.
5:00 of 1st overtime period - Penalty Shot by Jamie Benn for Islanders.
5:00 of 1st overtime period - Deke by Jamie Benn.
5:00 of 1st overtime period - Goal by Jamie Benn.
5:00 of 1st overtime period - Penalty Shot by Jordan Staal for Rangers.
5:00 of 1st overtime period - Deke by Jordan Staal.
5:00 of 1st overtime period - Shot Misses the Net.
5:00 of 1st overtime period - Penalty Shot by Frans Nielsen for Islanders.
5:00 of 1st overtime period - Wrist shot by Frans Nielsen.
5:00 of 1st overtime period - Goal by Frans Nielsen.